AoeStats
← IsraDguez

Arabia

510403151Analyzed
1v1 RM · 2d ago on Sep 30, 2026· 42m 28s· 2 players
Game mode
Random Map
Map size
Tiny (2 player)
Population
200
Speed
Normal
Resources
Standard
Victory
Conquest
Starting age
Dark Age
Ending age
Imperial Age
RankedLock teamsTeams togetherTeam positionsShared explorationLock speedFull tech treeHidden civsTurbo modeCheats
Victory
Defeat
🇲🇽 Maya · Mexico
863
+17
🇩🇪 Lithuanians · Germany
893
-17
Maamops
7:36 Loom
10:53 Feudal Age
11:20 Double-Bit Axe
20:41 Castle Age
24:01 Bloodlines
24:03 Forging
23:49 Fletching
23:26 Elite Skirmisher
26:51 Wheelbarrow
32:40 Ballistics
37:18 Imperial Age
35:03 Bodkin Arrow
38:13 Padded Archer Armor
IsraDguez
0:30 Loom
9:49 Feudal Age
12:38 Scale Mail Armor
13:54 Forging
16:18 Fletching
22:09 Castle Age
22:16 Double-Bit Axe
22:15 Horse Collar
22:28 Gold Mining
23:26 Bodkin Arrow
23:03 Crossbowman
23:59 Pikeman
25:07 Chain Mail Armor
25:23 Bow Saw
27:44 Thumb Ring
28:21 Eagle Warrior
29:02 Squires
29:41 Iron Casting
29:09 Padded Archer Armor
30:22 Wheelbarrow
32:15 Arson
37:43 Imperial Age
38:26 Hand Cart
38:43 Ballistics
38:16 Elite Eagle Warrior
39:22 Conscription
42:56 Plate Mail Armor
43:22 Holcans
Connection lost

Rejoining the realm…

Still unreachable

The connection could not be restored.

Session expired

The server has moved on; the page needs a fresh start.